 Dungeon Crawl Stone Soup version 0.17-a0-1404-gb8113a6 (webtiles) character file.

86 bal the Chopper (level 4, -10/34 HPs)
             Began as a Demonspawn Gladiator on June 21, 2015.
             Mangled by Blork the orc
             ... wielding a +2 dire flail of distortion
              (22 damage)
             ... on level 5 of the Dungeon.
             The game lasted 00:03:39 (1747 turns).

bal the Chopper (Demonspawn Gladiator)              Turns: 1747, Time: 00:03:39

Health: -10/34     AC:  7    Str: 16    XL:     4   Next: 26%
Magic:  4/4        EV: 11    Int:  9    God:
Gold:   185        SH:  0    Dex: 14    Spells: 0 memorised, 3 levels left

rFire  + . .     SeeInvis .     h - +0 war axe
rCold  . . .     Clarity  .     g - +0 scale mail
rNeg   . . .     SustAt   .     (no shield)
rPois  .         Gourm    .     c - +0 helmet
rElec  .         Spirit   .     (no cloak)
rCorr  .         Warding  .     (no gloves)
rMut   .         Stasis   .     (no boots)
MR     .....                    (no amulet)
Stlth  ..........               (no ring)
                                n - ring of wizardry

@: not resistant to hostile enchantments, extremely unstealthy
A: fire resistance 1, spiny 1
a: no special abilities


You were on level 5 of the Dungeon.
You were not hungry.

You visited 1 branch of the dungeon, and saw 4 of its levels.

You collected 185 gold pieces.

Inventory:

Hand weapons
 a - a +0 war axe
 h - a +0 war axe (weapon)
Missiles
 d - 3 throwing nets (quivered)
Armour
 c - a +0 helmet (worn)
 g - a +0 scale mail (worn)
Jewellery
 n - a ring of wizardry (left hand)
Scrolls
 f - a scroll of magic mapping
 j - 2 scrolls of identify
 k - 4 scrolls of remove curse
Potions
 b - a potion of heal wounds {unknown}
 i - a potion of degeneration {unknown}
Comestibles
 e - 3 bread rations
 m - a meat ration


   Skills:
 + Level 2.6 Fighting
 + Level 3.4 Axes
 + Level 1.8 Throwing
 + Level 1.0 Armour
 + Level 3.4 Dodging


You had 3 spell levels left.
You didn't know any spells.

Dungeon Overview and Level Annotations

Branches:
Dungeon (5/15)
 Temple: D:4-7

Altars:

Annotations:
D:3 Multipenetrator's ghost, average DsAK
D:5 Blork the orc


Innate Abilities, Weirdness & Mutations

Your flesh is heat resistant.
You are partially covered in sharp spines.


Message History

A giant cockroach and Blork the orc come into view.
The giant cockroach moves out of view.
Blork the orc points at you and mumbles some strange words.
The magic dart hits you!
You closely miss Blork the orc.
Blork the orc glows brightly for a moment.
You hit Blork the orc.
Blork the orc is lightly wounded.
Blork the orc is struck by your spines.
Blork the orc hits you but does no damage.
Space warps horribly around you!
You hit Blork the orc.
Blork the orc is heavily wounded.
Blork the orc barely misses you.
You slash Blork the orc!
Blork the orc is severely wounded.
Blork the orc hits you with a dire flail of distortion.
Space warps horribly around you!
Ouch! That really hurt!
You die...

########### #
..........# ####
#.#########.#####... #
#. #.......<......
#.###.####..>......##...
...........####.##.###.#
...........# #.##.# #.#
8#8...@#### #<##.# #.#
#/#..#o# #.##.# #.# #8.
.s. #.##.# #.# ... .....
..##.# #.# ### .....##
####.# #.# ####.## ###.#
#.. #.# #...# ### #.#
#.### #.#


You could see Blork the orc and a giant cockroach.

Vanquished Creatures
  3 adders (D:2)
  An ooze (D:1)
  7 bats
  7 goblins
  10 hobgoblins
  3 jackals (D:1)
  7 kobolds
  A quokka (D:2)
  2 giant cockroaches
  4 giant newts
  5 rats
50 creatures vanquished.

Notes
Turn   | Place    | Note
--------------------------------------------------------------
     0 | D:1      | bal the Demonspawn Gladiator began the quest for the Orb.
     0 | D:1      | Reached XP level 1. HP: 16/16 MP: 1/1
    31 | D:1      | Reached skill level 3 in Dodging
    32 | D:1      | Gained mutation: Your flesh is heat resistant. [demonic ancestry]
    32 | D:1      | Reached XP level 2. HP: 15/22 MP: 2/2
   377 | D:1      | Reached XP level 3. HP: 20/27 MP: 3/3
   891 | D:2      | Gained mutation: You are partially covered in sharp spines. [demonic ancestry]
   891 | D:2      | Reached XP level 4. HP: 8/34 MP: 4/4
  1613 | D:3      | Noticed Multipenetrator's ghost (average DsAK)
  1648 | D:3      | You fall through a shaft!
  1648 | D:5      | Entered Level 5 of the Dungeon
  1719 | D:5      | Reached skill level 1 in Armour
  1742 | D:5      | Noticed Blork the orc
  1747 | D:5      | Mangled by Blork the orc

Vault maps used:
D:1:      mrwooster_arrival_statue_2
D:2:      wad_pebble_path
D:3:      kennysheep_generic_room_3
D:5:      first_bread, minmay_splitting_lines, minmay_statues_item,
          guppyfry_shop_venom, uniq_blork_the_orc

Action                   |  1- 3 |  4- 6 || total
-------------------------+-------+-------++-------
Melee: War axe           |   117 |    18 ||   135
  Use: Potion            |     2 |       ||     2
       Scroll            |       |     5 ||     5
  Eat: Meat ration       |       |     1 ||     1
       Chunk             |       |     1 ||     1
